 Dungeon Crawl Stone Soup version 0.29.1-12-g30fa7ad0bf (webtiles) character file.

Game seed: 15638334081146231057

1796 soggyman666 the Thaumaturge (level 9, -1/55 HPs)
             Began as a Djinni Fire Elementalist on Dec 17, 2022.
             Shot with an arrow by a centaur (10 damage)
             ... on level 6 of the Dungeon.
             The game lasted 00:18:09 (8530 turns).

soggyman666 the Thaumaturge (DjFE)                  Turns: 8530, Time: 00:18:09

Health: -1/55      AC:  2    Str:  7    XL:     9   Next: 30%
Gold:   327        EV: 12    Int: 22    God:
                   SH:  0    Dex: 13

rFire   + + .      SeeInvis .   (no weapon)
rCold   x . .      Faith    .   (no shield)
rNeg    . . .      Spirit   .   a - +0 robe
rPois   ∞          Reflect  .   (no helmet)
rElec   .          Harm     .   (no cloak)
rCorr   .          Rampage  .   (no gloves)
Will    .....                   (boots unavailable)
Stlth   ++........              (no amulet)
HPRegen 0.18/turn               (no ring)
MPRegen 0.00/turn               (no ring)

@: flying
A: sickness immunity, fire resistance 2, cold vulnerability 1, float, innate
caster, HP casting, extra vitality 1
a: no special abilities


You were on level 6 of the Dungeon.
You visited 1 branch of the dungeon, and saw 8 of its levels.

You collected 327 gold pieces.

Inventory:

Armour
 a - a +0 robe (worn)
Jewellery
 m - a +6 ring of intelligence
 r - a ring of protection from cold
Wands
 b - a wand of paralysis (11)
 h - a wand of roots (9)
 n - a wand of mindburst (5)
Scrolls
 c - a scroll of identify
 d - a scroll of fear
 f - a scroll of fog
 i - 2 scrolls of teleportation
 j - a scroll of brand weapon
 k - a scroll of poison {unknown}
 l - a scroll of enchant weapon {unknown}
 o - a scroll of blinking {unknown}
Potions
 e - a potion of heal wounds {unknown}
 g - a potion of berserk rage {unknown}
 p - 2 potions of brilliance
 q - 2 potions of mutation {unknown}


   Skills:
 - Level 0.1 Fighting
 + Level 2.5 Dodging
 + Level 3.3 Stealth
 + Level 8.7 Spellcasting


You had 3 spell levels left.
You knew the following spells:

 Your Spells              Type           Power      Damage    Failure   Level
a - Foxfire               Conj/Fire      100%       2x1d9     1%          1
b - Scorch                Fire           96%        2d10      1%          2
c - Conjure Flame         Conj/Fire      48%        6-21      1%          3
d - Inner Flame           Hex/Fire       48%        N/A       1%          3
e - Flame Wave            Conj/Fire      48%        2d12      1%          4
f - Shock                 Conj/Air       100%       1d9       1%          1
g - Ensorcelled Hibernat  Hex/Ice        96%        N/A       1%          2
h - Spider Form           Tmut/Pois      48%        N/A       1%          3
i - Call Canine Familiar  Summ           48%        N/A       1%          3
Your spell library was empty.

Dungeon Overview and Level Annotations

Branches:
Dungeon (8/15)
 Temple: D:4-7         Lair: D:8-11

Altars:
Fedhas
Gozag
Makhleb
Trog
Uskayaw
Yredelemnul
The Shining One


Innate Abilities, Weirdness & Mutations

You are immune to sickness and miasma.
You are immune to poison.
Your flesh is very heat resistant. (rF++)
You are vulnerable to cold. (rC-)
You float through the air rather than walking.
You learn spells naturally, not from books.
Your magical power is your life essence.
You have superior vitality. (+4 MHP)


Message History

Press: ? - help, Shift-Dir - straight line, f/p - killer bee
Aim: a killer bee (inner flame, 48% to hit)
The zap hits the killer bee.
Flame seeps out of the killer bee.
The killer bee is moderately wounded.
The zap misses the killer bee.
The killer bee is engulfed in blazing flames.
Flame seeps out of the killer bee.
The killer bee is engulfed in blazing flames.
The killer bee explodes!
Casting: Shock (safe; 1% risk of failure)
Confirm with . or Enter, or press ? or * to list all spells.
Aiming: Shock (safe; 1% risk of failure)
Press: ? - help, Shift-Dir - straight line, f - killer bee
Aim: a killer bee (48% to hit)
The zap hits the killer bee.
The killer bee is moderately wounded.
Casting: Shock (safe; 1% risk of failure)
Confirm with . or Enter, or press ? or * to list all spells.
Aiming: Inner Flame (safe; 1% risk of failure)
Press: ? - help, Dir - move target, f/p - killer bee
Aim: a killer bee (moderately wounded, chance to affect: 95%)
The killer bee is filled with an inner flame.
Casting: Inner Flame (safe; 1% risk of failure)
Confirm with . or Enter, or press ? or * to list all spells.
Aiming: Shock (safe; 1% risk of failure)
Press: ? - help, Shift-Dir - straight line, f/p - killer bee
Aim: a killer bee (moderately wounded, inner flame, 48% to hit)
The zap hits the killer bee!
Flame seeps out of the killer bee.
The killer bee is almost dead.
The killer bee is engulfed in blazing flames.
The killer bee explodes!
The centaur wields a +0 shortbow.
The centaur shoots an arrow.
The arrow barely misses you.
The centaur shoots an arrow.
The arrow hits you!
* * * LOW HITPOINT WARNING * * *
Casting: Shock (safe; 1% risk of failure)
Confirm with . or Enter, or press ? or * to list all spells.
The fire begins to smoulder!
* * * LOW HITPOINT WARNING * * *
The centaur shoots an arrow.
The arrow hits you!
You die...

### #.#
#.##########
#..........#
#######.########..
#.......# ####.#
#@####### #.....
#○# #.###. #<# ..
#... #.# .##.#...
#†# #..... #.#
#.#... #§# #.#..$
#c# . ###[ #.# #
..


You could see a centaur.

Vanquished Creatures
  Sigmund (D:4)
  A wyvern (D:4)
  An orc warrior (D:7)
  A black bear (D:4)
  2 ogres
  2 phantoms
  A gnoll sergeant (D:5)
  6 killer bees (D:6)
  3 hounds
  A crimson imp (D:7)
  An orc priest (D:7)
  A jelly (D:5)
  A gnoll bouda (D:3)
  4 iguanas
  Ijyb (D:4)
  2 orc wizards
  10 gnolls
  8 adders
  A shadow imp (D:5)
  2 ufetubi (D:5)
  4 worms
  2 dart slugs
  16 orcs
  7 ball pythons
  3 bats
  6 endoplasms
  4 goblins
  9 hobgoblins
  3 jackals
  4 kobolds
  4 quokkas
  3 frilled lizards
  A rat (D:1)
116 creatures vanquished.

Vanquished Creatures (others)
  378 foxfires
378 creatures vanquished.

Grand Total: 494 creatures vanquished

Notes
Turn   | Place    | Note
-------+----------+-------------------------------------------
     0 | D:1      | soggyman666 the Djinni Fire Elementalist began the quest
                  | for the Orb.
     0 | D:1      | soggyman666 set off with the following spells memorised:
                  | Foxfire, Scorch, Conjure Flame, Inner Flame, Flame Wave.
     0 | D:1      | Reached XP level 1. HP: 15/15 MP: 0/0
   599 | D:1      | Reached skill level 3 in Spellcasting
   599 | D:1      | Reached XP level 2. HP: 15/21 MP: 0/0
   604 | D:1      | Reached XP level 3. HP: 10/25 MP: 0/0
   604 | D:1      | Learned a level 1 spell: Shock
  1598 | D:2      | Reached XP level 4. HP: 15/31 MP: 0/0
  2269 | D:2      | Reached skill level 4 in Spellcasting
  2278 | D:2      | Reached XP level 5. HP: 20/35 MP: 0/0
  2278 | D:2      | Learned a level 2 spell: Ensorcelled Hibernation
  3421 | D:3      | Found a basalt altar of Yredelemnul.
  3503 | D:3      | Reached XP level 6. HP: 29/40 MP: 0/0
  3660 | D:3      | Found a glowing golden altar of the Shining One.
  4600 | D:4      | Noticed Ijyb
  4610 | D:4      | Killed Ijyb
  4611 | D:4      | Reached skill level 5 in Spellcasting
  4992 | D:4      | Noticed a black bear
  4994 | D:4      | Noticed Sigmund
  4996 | D:4      | Killed a black bear
  4996 | D:4      | Killed Sigmund
  4997 | D:4      | Reached XP level 7. HP: 39/45 MP: 0/0
  4997 | D:4      | Learned a level 3 spell: Spider Form
  5372 | D:4      | Found a blossoming altar of Fedhas.
  5499 | D:4      | Reached skill level 6 in Spellcasting
  6023 | D:4      | Noticed a wyvern
  6031 | D:4      | Killed a wyvern
  6032 | D:4      | Reached XP level 8. HP: 37/50 MP: 0/0
  6516 | D:5      | Entered Level 5 of the Dungeon
  6516 | D:5      | Found an opulent altar of Gozag.
  6536 | D:5      | Reached skill level 7 in Spellcasting
  7185 | D:5      | Found a hide-covered altar of Uskayaw.
  7599 | D:5      | You are sucked into a shaft and drop 3 floors!
  7616 | D:7      | Found a burning altar of Makhleb.
  7944 | D:7      | Reached skill level 8 in Spellcasting
  7944 | D:7      | Reached XP level 9. HP: 42/55 MP: 0/0
  7944 | D:7      | Learned a level 3 spell: Call Canine Familiar
  8257 | D:5      | Found a bloodstained altar of Trog.
  8530 | D:6      | Shot with an arrow by a centaur

Illustrated notes

Levels and vault maps discovered:
D:1:      dpeg_arrival_tiny_a, layout_basic, minmay_tromino_v7
D:2:      layout_basic, grunt_ministairs_13, kennysheep_generic_room_10
D:3:      layout_basic, nicolae_overflow_crystal_walls,
          mainiacjoe_overflow_brackets, amcnicky_mini_corridor_feature
D:4:      layout_rooms, fedhas_altar_2, hangedman_decor_slide_cut,
          corexii_hall_statues_u, nzn_random_ring, uniq_ijyb, uniq_sigmund
D:5:      layout_gridville, nicolae_uskayaw_murder_on_the_dancefloor,
          amcnicky_altar_gilded, bloody_trog
D:6:      lemuel_slime, layout_loops_ring, minmay_temple_entry_tees,
          serial_shops, nicolae_diamond_shop, grunt_ministairs_9, st_stairs_3,
          minmay_liquid_box
D:7:      layout_rooms, makhleb_grotto_becter, grunt_ministairs_6,
          minmay_manual_moon
D:8:      kennysheep_steamy, layout_rooms, riverfiend_overflow_shadow_ancestor,
          chei_slow_surprise, dpeg_lair_monsters, nicolae_eternal_life

Skill      XL: |  1  2  3  4  5  6  7  8 |
---------------+-------------------------+-----
Spellcasting   | 3 4 5 6 8 |  8.7
Stealth        | 2 3 |  3.3
Fighting       | |  0.1
Dodging        | |  2.5

Action                   |  1- 3 |  4- 6 |  7- 9 || total
-------------------------+-------+-------+-------++-------
 Cast: Foxfire           |    48 |    89 |    96 ||   233
       Scorch            |     7 |    20 |    31 ||    58
       Shock             |     4 |     1 |    24 ||    29
       Inner Flame       |     2 |     9 |    19 ||    30
       Conjure Flame     |     1 |       |     8 ||     9
       Ensorcelled Hiber |       |     3 |     2 ||     5
       Spider Form       |       |       |     2 ||     2
       Call Canine Famil |       |       |     1 ||     1
  Use: Scroll            |     1 |     3 |     6 ||    10
Armor: Robe              |       |     1 |     3 ||     4
Dodge: Dodged            |     2 |     2 |    16 ||    20
